 Dungeon Crawl Stone Soup version 0.30-a0-168-g0b976cbdc4 (webtiles) character file.

Game seed: 13093956118370441580

1215 Iusername the Sneak (level 8, 0/42 HPs)
             Began as a Vine Stalker Delver on Sept 29, 2022.
             Was a Believer of Fedhas.
             Splashed by a jelly's acid (4 damage)
             ... on level 5 of the Dungeon.
             The game lasted 00:16:46 (5830 turns).

Iusername the Sneak (Vine Stalker Delver)           Turns: 5830, Time: 00:16:48

Health: 0/42       AC: -5    Str: 17    XL:     8   Next: 46%
Magic:  0/9        EV:  8    Int: 10    God:    Fedhas [**....]
Gold:   324        SH:  0    Dex: 16    Spells: 7/7 levels left

rFire   . . .      SeeInvis .    a - +2 falchion
rCold   . . .      Faith    .    (no shield)
rNeg    . . .      Spirit   +    p - +0 chain mail
rPois   .          Reflect  .    (no helmet)
rElec   .          Harm     .    (no cloak)
rCorr   .          Rampage  .    (no gloves)
Will    +....                    s - +0 pair of boots
Stlth   +.........               (no amulet)
HPRegen 0.94/turn                (no ring)
MPRegen 0.11/turn                (no ring)

@: corroded
A: fangs 3, regeneration 1, magic shield, antimagic bite, no potion heal 2
a: Renounce Religion, Wall of Briars


You were on level 5 of the Dungeon.
You worshipped Fedhas.
Fedhas was pleased with you.
You visited 1 branch of the dungeon, and saw 5 of its levels.

You collected 324 gold pieces.

Inventory:

Hand Weapons
 a - a +2 falchion (weapon)
Missiles
 h - 5 javelins
Armour
 p - a +0 chain mail (worn)
 s - a +0 pair of boots (worn)
Jewellery
 j - a ring of magical power
 o - a ring of resist corrosion
Wands
 g - a wand of digging (3)
 u - a wand of flame (13) (quivered)
Scrolls
 c - a scroll of fog
 d - 3 scrolls of magic mapping
 e - a scroll of fear
 f - 2 scrolls of enchant armour
 t - a scroll of butterflies
Potions
 b - a potion of invisibility
 i - a potion of resistance
 l - a potion of flight
 q - a potion of mutation
 r - a potion of curing
 v - a potion of brilliance


   Skills:
 + Level 4.5 Fighting
 + Level 6.3 Long Blades
 + Level 3.4 Armour
 + Level 2.3 Dodging
 + Level 7.1 Stealth
 + Level 1.2 Evocations


You had 7 spell levels left.
You didn't know any spells.
Your spell library contained the following spells:

 Spells                   Type           Power      Damage    Failure   Level
 Foxfire                  Conj/Fire      0%         2x1d4     99%         1
 Magic Dart               Conj           0%         1d3       99%         1
 Necrotise                Necr           0%         1d4       99%         1
 Shock                    Conj/Air       0%         1d3       99%         1
 Slow                     Hex            0%         N/A       99%         1
 Searing Ray              Conj           0%         2d4       100%        2
 Gell's Gravitas          Tloc           0%         N/A       100%        3
 Swiftness                Air            0%         N/A       100%        3
 Teleport Other           Tloc           0%         N/A       100%        3
 Airstrike                Air            0%         2d(0-16)  100%        4
 Fulminant Prism          Conj/Hex       0%         3d6       100%        4
 Dispersal                Tloc           0%         N/A       100%        6


Dungeon Overview and Level Annotations

Branches:
Dungeon (5/15)
 Temple: D:4-7

Altars:
Ashenzari
Fedhas
Hepliaklqana
Kikubaaqudgha
Okawaru
Ru
Xom

Shops:
D:2 [   D:5 :


Innate Abilities, Weirdness & Mutations

You have razor-sharp teeth.
Your natural rate of healing is unusually fast.
When hurt, damage is shared between your health and your magic reserves.
Your bite disrupts and absorbs the magic of your enemies.
Potions cannot restore your health.


Message History

The jelly closely misses you.
The dart slug bites you but does no damage.
You hit the dart slug.
You kill the dart slug!
Fedhas appreciates your contribution to the ecosystem.
The jelly hits you but does no damage.
You barely miss the jelly. You bite the jelly, but do no damage.
The jelly hits you but does no damage.
You hit the jelly. The acid corrodes you!
Your hands burn!
* * * LOW HITPOINT WARNING * * *
You bite the jelly. You drain its power.
You feel invigorated.
The jelly is lightly wounded.
The jelly hits you but does no damage.
You hit the jelly. The acid corrodes you!
Your hands burn!
* * * LOW HITPOINT WARNING * * *
The jelly is moderately wounded.
The jelly completely misses you.
You hit the jelly but do no damage.
Your hands burn!
* * * LOW HITPOINT WARNING * * *
You bite the jelly, but do no damage.
The jelly is moderately wounded.
The jelly hits you but does no damage.
You slash the jelly! The acid corrodes you!
Your hands burn!
* * * LOW HITPOINT WARNING * * *
The jelly is severely wounded.
The jelly barely misses you.
You hit the jelly. The acid corrodes you!
Your hands burn!
* * * LOW HITPOINT WARNING * * *
You bite the jelly, but do no damage.
The jelly is almost dead.
The jelly closely misses you.
You hit the jelly.
Your hands burn!
* * * LOW HITPOINT WARNING * * *
You bite the jelly, but do no damage.
The jelly is almost dead.
The jelly hits you.
* * * LOW HITPOINT WARNING * * *
You are splashed with acid!
You die...
Fedhas appreciates your contribution to the ecosystem.

.# .# #.# #.# #.# #(# #.#
..# #.# ..# #.# ..# ###.#
..# #.#.##############
..###.#.##......@..).#
........##.≈.≈≈≈J≈)≈..#
.^..#..†...≈.......≈..#
....#..†...≈.≈...≈.≈....#
....#..#.#.≈.≈._.≈.≈......
....#..#.#.≈.≈...≈.≈....(..
.......#[#.≈.......≈..#....
...##......≈.≈≈≈≈≈.≈..'....
...##.............


You could see a jelly.

Vanquished Creatures
  Sigmund (D:4)
  Menkaure (D:4)
  An ice beast (D:5)
  A black bear (D:4)
  Blork the orc (D:4)
  An elf zombie (D:4)
  A scorpion (D:5)
  2 elf skeletons (D:4)
  A necrophage (D:5)
  A howler monkey (D:5)
  A human zombie (D:4)
  2 orc priests (D:5)
  4 orc wizards (D:5)
  A gnoll (D:1)
  8 adders
  2 dart slugs
  4 orcs
  8 endoplasms
  8 goblins
  3 hobgoblins
  2 jackals (D:1)
  4 kobolds
  2 quokkas
  9 ball pythons
  7 bats
  2 frilled lizards (D:1)
  2 orc skeletons (D:4)
  6 rats
86 creatures vanquished.

Vanquished Creatures (others)
  An orc wizard (D:5)
  3 plants (D:1)
4 creatures vanquished.

Grand Total: 90 creatures vanquished

Notes
Turn   | Place    | Note
-------+----------+-------------------------------------------
     0 | D:5      | Iusername the Vine Stalker Delver began the quest for the
                  | Orb.
     0 | D:5      | Reached XP level 1. HP: 11/11 MP: 2/2
     1 | D:5      | Became a worshipper of Fedhas Madash
     7 | D:5      | Found a shimmering altar of Xom.
   147 | D:5      | Noticed a jelly
   149 | D:5      | Noticed a necrophage
   150 | D:5      | Noticed an orc wizard
   150 | D:5      | Noticed an orc wizard
   709 | D:2      | Got A Tutorial on Sorcery
   965 | D:2      | Found Bokaskung's Armour Shoppe.
  1016 | D:1      | Reached XP level 2. HP: 5/16 MP: 3/3
  1758 | D:1      | Reached XP level 3. HP: 19/19 MP: 4/4
  2053 | D:1      | Found a faded altar of an unknown god.
  2631 | D:1      | Reached * piety under Fedhas
  3048 | D:2      | Found a broken altar of Ashenzari.
  3520 | D:2      | Gained mutation: Your natural rate of healing is unusually
                  | fast. [Vine Stalker growth]
  3520 | D:2      | Reached XP level 4. HP: 18/23 MP: 5/5
  3882 | D:3      | Reached skill level 1 in Armour
  3971 | D:3      | Found a hazy altar of Hepliaklqana.
  3994 | D:3      | Found an ancient bone altar of Kikubaaqudgha.
  4515 | D:4      | Noticed Menkaure
  4521 | D:4      | Killed Menkaure
  4522 | D:4      | Reached skill level 7 in Stealth
  4522 | D:4      | Reached XP level 5. HP: 28/28 MP: 6/6
  4539 | D:4      | Noticed Blork the orc
  4549 | D:4      | Killed Blork the orc
  4550 | D:4      | Reached XP level 6. HP: 31/32 MP: 5/7
  4738 | D:4      | Found an iron altar of Okawaru.
  4888 | D:4      | Reached ** piety under Fedhas
  4889 | D:4      | Reached skill level 1 in Evocations
  4905 | D:4      | Reached XP level 7. HP: 36/36 MP: 6/8
  5363 | D:4      | Noticed Sigmund
  5383 | D:4      | Killed Sigmund
  5384 | D:4      | Reached skill level 5 in Long Blades
  5563 | D:5      | Gained mutation: You have razor-sharp teeth. [Vine Stalker
                  | growth]
  5563 | D:5      | Reached XP level 8. HP: 32/42 MP: 9/9
  5588 | D:5      | Found Uprisela's Tremendous Tomes.
  5773 | D:5      | Found a sacrificial altar of Ru.
  5830 | D:5      | Splashed by a jelly's acid

Illustrated notes

Levels and vault maps discovered:
D:1:      psy_arrival_statuary, layout_loops_ring,
          hellmonk_ecumenical_altar_zigzags, kennysheep_boxes
D:2:      layout_loops_corners, serial_shops, nicolae_shop_statue_plus,
          basic_altar, minmay_tripent
D:3:      layout_basic, worldfamousw_hep_ancestral_shrine,
          kiku_gazebo_garden_becter
D:4:      layout_basic, kennysheep_mini_moat, nicolae_ossuary_entry_catacombs,
          uniq_menkaure, uniq_blork_the_orc, uniq_sigmund
D:5:      layout_basic, mainiacjoe_overflow_cross_hatched,
          overflow_temple_1_default, mainiacjoe_overflow_alcove_4,
          amcnicky_altar_gilded, minmay_temple_entry_wispy,
          nicolae_shop_i_like_big_books

Skill      XL: |  1  2  3  4  5  6  7  8 |
---------------+-------------------------+-----
Long Blades    | 2 3 4 5 6 |  6.3
Armour         | 1 2 3 |  3.4
Fighting       | 3 4 |  4.5
Stealth        | 7 |  7.1
Dodging        | 2 |  2.3
Evocations     | 1 |  1.2

Action                   |  1- 3 |  4- 6 |  7- 9 || total
-------------------------+-------+-------+-------++-------
Melee: Falchion          |    93 |    86 |   118 ||   297
       Bite              |    29 |    26 |    40 ||    95
       Punch             |       |     4 |     1 ||     5
Evoke: Wand              |       |    10 |       ||    10
  Use: Potion            |     1 |       |     1 ||     2
       Scroll            |       |     7 |     5 ||    12
 Stab: Sleeping          |     6 |       |       ||     6
Armor: Leather armour    |    24 |       |       ||    24
       Chain mail        |    16 |    62 |    88 ||   166
Dodge: Dodged            |    59 |    47 |    54 ||   160

Table legend: (Time is in decaauts)
 A = Elapsed time spent in this place.
 B = Non-inter-level travel time spent in this place.
 C = Inter-level travel time spent in this place.
 D = Time resting spent in this place.
 E = Time spent auto-exploring this place.
 F = Levels seen in this place.
 G = Mean time per level.
                   A        B        C        D        E       F      G
               +--------+--------+--------+--------+--------+-----+--------+
         Total |   5838 |   5726 |    112 |   2022 |   2269 |   5 | 1167.6 |
       Dungeon |   5838 |   5726 |    112 |   2022 |   2269 |   5 | 1167.6 |
               +--------+--------+--------+--------+--------+-----+--------+

Top non-repeatable levels by time:
     D:1: 1975 daAuts
     D:2: 1646 daAuts
     D:4: 1163 daAuts
     D:3: 584 daAuts
     D:5: 468 daAuts
